 Dungeon Crawl Stone Soup version 0.30.0 (webtiles) character file.

Game seed: 6164689681685255337

1336 samcosmo the Sneak (level 8, 0/39 HPs)
             Began as a Spriggan Enchanter on May 10, 2023.
             Slain by an orc warrior
             ... wielding a +0 trident
              (12 damage)
             ... on level 6 of the Dungeon.
             The game lasted 00:13:15 (5104 turns).

samcosmo the Sneak (Spriggan Enchanter)             Turns: 5104, Time: 00:13:16

Health: 0/39       AC:  2    Str:  4    XL:     8   Next: 35%
Magic:  0/25       EV: 20    Int: 16    God:
Gold:   399        SH:  0    Dex: 18    Spells: 6/17 levels left

rFire   . . .        a - +2 dagger
rCold   . . .        (no shield)
rNeg    . . .        b - +0 robe
rPois   .            (helmet restricted)
rElec   .            (no cloak)
rCorr   .            (gloves unavailable)
SInv    +            (boots unavailable)
Will    +....        r - amulet of guardian spirit
Stlth   ++++         f - ring of magical power
HPRegen 0.26/turn    i - +4 ring of slaying
MPRegen 0.19/turn

%: guardian spirit
@: very quick
A: very small, no large weapons, unfitting armour, see invisible, speed 3
a: no special abilities


You were on level 6 of the Dungeon.
You visited 2 branches of the dungeon, and saw 7 of its levels.
You also visited: Sewer.

You collected 399 gold pieces.

Inventory:

Hand Weapons
 a - a +2 dagger (weapon)
Armour
 b - a +0 robe (worn)
Jewellery
 f - a ring of magical power (left hand)
 g - a ring of resist corrosion
 i - a +4 ring of slaying (right hand)
 m - an amulet of regeneration
 r - an amulet of guardian spirit (around neck)
Wands
 l - a wand of iceblast (12)
Scrolls
 h - a scroll of immolation
 j - 5 scrolls of teleportation
 p - a scroll of identify
 q - a scroll of amnesia
Potions
 c - 4 potions of invisibility
 d - 3 potions of might
 e - 2 potions of heal wounds
 k - 2 potions of cancellation
 n - 4 potions of curing
 o - a potion of haste


   Skills:
 + Level 2.9 Fighting
 + Level 4.1 Short Blades
 + Level 5.6 Dodging
 + Level 7.5 Stealth
 + Level 5.3 Spellcasting
 * Level 7.5 Hexes


You had 6 spell levels left.
You knew the following spells:

 Your Spells              Type           Power      Damage    Failure   Level
a - Ensorcelled Hibernat  Hex/Ice        32%        N/A       4%          2
b - Confusing Touch       Hex            28%        N/A       1%          3
c - Tukima's Dance        Hex            28%        N/A       1%          3
d - Dazzling Flash        Conj/Hex       32%        N/A       10%         3

Your spell library contained the following spells:

 Spells                   Type           Power      Damage    Failure   Level
 Beastly Appendage        Tmut           8%         N/A       16%         1
 Sandblast                Erth           8%         2d5       16%         1
 Passwall                 Tmut/Erth      3%         N/A       22%         2
 Wereblood                Tmut           4%         N/A       22%         2
 Spider Form              Tmut/Pois      4%         N/A       41%         3
 Stone Arrow              Conj/Erth      8%         3d7       41%         3
 Swiftness                Air            4%         N/A       41%         3


Dungeon Overview and Level Annotations

Branches:
Dungeon (6/15)             Temple (1/1) D:5           Sewer (visited)

Altars:
Cheibriados
Elyvilon
Fedhas
Gozag
Hepliaklqana
Kikubaaqudgha
Nemelex Xobeh
Okawaru
Qazlal
Sif Muna
Uskayaw
Vehumet
Wu Jian
Xom

Annotations:
D:5 2 transporters, Caerwyn's ghost, novice TrMo


Innate Abilities, Weirdness & Mutations

You are very small and have problems with some larger weapons.
You are too small for most types of armour.
You have supernaturally acute eyesight. (SInv)
You cover ground extremely quickly. (Speed+++)


Message History

Things that are here:
a +0 club; 2 boomerangs The orc warrior completely misses you.
The gnoll shouts!
Casting: Ensorcelled Hibernation (safe; 4% risk of failure)
Confirm with . or Enter, or press ? or * to list all spells.
Aiming: Ensorcelled Hibernation (safe; 4% risk of failure)
Press: ? - help, Shift-Dir - straight line, f - gnoll sergeant
Aim: a gnoll sergeant, wielding a +0 spear and wearing a +0 scale mail (chance to affect: 50%)
The gnoll sergeant resists with some effort.
The gnoll sergeant hits you but does no damage.
Casting: Ensorcelled Hibernation (safe; 4% risk of failure)
Confirm with . or Enter, or press ? or * to list all spells.
Aiming: Ensorcelled Hibernation (safe; 4% risk of failure)
Press: ? - help, Shift-Dir - straight line, f/p - gnoll sergeant
Aim: a gnoll sergeant, wielding a +0 spear and wearing a +0 scale mail (chance to affect: 50%)
The gnoll sergeant looks drowsy...
The orc warrior hits you from afar with a +0 trident!
The helpless gnoll sergeant fails to defend itself.
You stick the gnoll sergeant like a pincushion!!!
You kill the gnoll sergeant!
A gnoll comes into view. It is wielding a +0 spear.
The orc warrior completely misses you.
Casting: Ensorcelled Hibernation (safe; 4% risk of failure)
Confirm with . or Enter, or press ? or * to list all spells.
Aiming: Ensorcelled Hibernation (safe; 4% risk of failure)
Press: ? - help, Shift-Dir - straight line, f - orc warrior
Aim: an orc warrior, wielding a +0 trident and wearing a +0 chain mail (chance to affect: 50%)
The orc warrior resists with some effort.
The orc warrior hits you from afar with a +0 trident!
Casting: Ensorcelled Hibernation (safe; 4% risk of failure)
Confirm with . or Enter, or press ? or * to list all spells.
Aiming: Ensorcelled Hibernation (safe; 4% risk of failure)
Press: ? - help, Shift-Dir - straight line, f/p - orc warrior
Aim: an orc warrior, wielding a +0 trident and wearing a +0 chain mail (chance to affect: 50%)
The orc warrior looks drowsy...
The orc warrior shouts!
The gnoll hits you from afar with a +0 spear.
The orc warrior hits you with a +0 trident!
You die...

#........#...........#
#........#...........#
#..).....#...........#
#.....####...........#
#..)..# ##########.##
.##....)# #.#
...g....# #.#
#.##...#.###########
#.# #
###..go@........# #.#
###g#########'###.#
#.# #........#.# #..
.#........#.# ###
............#
#.....Y....#
.>....YY..# #........#
#o....<..#


You could see an orc warrior and 2 gnolls.

Vanquished Creatures
  A yak (D:5)
  A wyvern (D:5)
  Pargi (Sewer)
  An orc warrior (D:6)
  An ogre (D:6)
  A gnoll sergeant (D:6)
  3 scorpions
  2 hounds
  An orc priest (D:6)
  5 iguanas
  4 orc wizards
  9 adders
  A white imp (D:4)
  3 worms
  4 dart slugs
  20 orcs
  6 endoplasms
  6 giant cockroaches
  8 goblins
  9 hobgoblins
  8 quokkas
  8 ball pythons
  11 bats
  4 frilled lizards
  7 kobolds
  6 rats
131 creatures vanquished.

Notes
Turn   | Place    | Note
-------+----------+-------------------------------------------
     0 | D:1      | samcosmo the Spriggan Enchanter began the quest for the
                  | Orb.
     0 | D:1      | Reached XP level 1. HP: 9/9 MP: 5/5
   209 | D:1      | Reached XP level 2. HP: 10/13 MP: 6/6
   249 | D:1      | Learned a level 2 spell: Ensorcelled Hibernation
  1041 | D:2      | Reached XP level 3. HP: 17/17 MP: 8/8
  1101 | D:2      | Learned a level 3 spell: Confusing Touch
  1167 | D:2      | Reached skill level 5 in Stealth
  1973 | D:3      | Reached XP level 4. HP: 21/21 MP: 9/9
  2035 | D:3      | Reached skill level 1 in Fighting
  2077 | D:3      | Reached XP level 5. HP: 15/25 MP: 2/11
  2149 | D:3      | Reached skill level 5 in Hexes
  2356 | D:3      | Found a glowing drain.
  2364 | Sewer    | Entered a sewer
  2397 | Sewer    | Noticed Pargi
  2412 | Sewer    | Killed Pargi
  2413 | Sewer    | Reached XP level 6. HP: 21/30 MP: 9/12
  2909 | D:4      | Learned a level 3 spell: Tukima's Dance
  2913 | D:4      | Learned a level 3 spell: Dazzling Flash
  3195 | D:4      | Found a snail-covered altar of Cheibriados.
  3712 | D:5      | Entered Level 5 of the Dungeon
  3724 | D:5      | Reached XP level 7. HP: 35/35 MP: 11/14
  3739 | D:5      | Noticed a wyvern
  3751 | D:5      | Killed a wyvern
  3867 | D:5      | Found a transporter.
  3872 | D:5      | Noticed Caerwyn's ghost (novice TrMo)
  3873 | D:5      | Found a transporter.
  4003 | D:5      | Found a staircase to the Ecumenical Temple.
  4036 | Temple   | Entered the Ecumenical Temple
  4627 | D:5      | Found a hazy altar of Hepliaklqana.
  4697 | D:6      | Noticed a yak
  4697 | D:6      | Noticed a yak
  4697 | D:6      | Noticed a yak
  4697 | D:6      | Noticed a yak
  4702 | D:5      | Killed a yak
  4703 | D:5      | Reached skill level 5 in Dodging
  4807 | D:6      | Reached XP level 8. HP: 21/39 MP: 11/16
  4892 | D:6      | Reached skill level 5 in Spellcasting
  5104 | D:6      | Slain by an orc warrior

Illustrated notes

Levels and vault maps discovered:
D:1:      lightli_arrival_boilingwater, layout_basic, minmay_misc_feat_iff
D:2:      layout_basic
D:3:      layout_loops_ring, gup_sewer_entry_pipe
D:4:      layout_loops_corners, mainiacjoe_overflow_cross_hatched
D:5:      layout_loops_ring, kennysheep_mini, minmay_temple_entry_nine_rooms,
          gammafunk_ghost_mausoleum, saegor_snake_ambush
D:6:      layout_basic
Temple:   nicolae_temple_slightly_damp_pantheon

Skill      XL: |  1  2  3  4  5  6  7  8 |
---------------+-------------------------+-----
Hexes          | 4 5 6 7 |  7.5
Spellcasting   | 3 4 5 |  5.3
Dodging        | 3 4 5 |  5.6
Stealth        | 5 6 7 |  7.5
Fighting       | 1 2 |  2.9
Short Blades   | 2 3 4 |  4.1

Action                     |  1- 3 |  4- 6 |  7- 9 || total
---------------------------+-------+-------+-------++-------
  Melee: Dagger            |   139 |   185 |    44 ||   368
         Punch             |       |     2 |     1 ||     3
   Cast: Ensorcelled Hiber |    10 |    11 |    18 ||    39
         Confusing Touch   |       |     1 |     1 ||     2
    Use: Scroll            |     5 |     4 |     1 ||    10
   Stab: Sleeping          |    16 |    20 |    15 ||    51
         Distracted        |     1 |       |       ||     1
         Confused          |       |     2 |     1 ||     3
 Armour: Robe              |     9 |    10 |     1 ||    20
  Dodge: Dodged            |    85 |   120 |    25 ||   230
